 Dungeon Crawl Stone Soup version 0.22-a0-803-gd6d8abeff0 (webtiles) character file.

14 Holzbalken the Insei (level 2, -5/21 HPs)
             Began as a Merfolk Transmuter on July 22, 2018.
             Slain by a gnoll
             ... wielding a +2 whip of electrocution
              (11 damage)
             ... on level 2 of the Dungeon.
             The game lasted 00:03:26 (830 turns).

Holzbalken the Insei (Merfolk Transmuter)            Turns: 830, Time: 00:03:28

Health: -5/21      AC:  4    Str: 10    XL:     2   Next: 41%
Magic:  4/5        EV: 12    Int: 12    God:
Gold:   61         SH:  0    Dex: 14    Spells: 4/5 levels left

rFire    . . .     SeeInvis .     - Unarmed
rCold    . . .     Gourm    .   (no shield)
rNeg     . . .     Faith    .   k - +0 leather armour
rPois    .         Spirit   .   (no helmet)
rElec    .         Reflect  .   c - +0 cloak
rCorr    .         Harm     .   (no gloves)
MR       .....                  (no boots)
Stlth    +.........             (no amulet)
HPRegen  0.07/turn              (no ring)
MPRegen  0.09/turn              (no ring)

@: very slightly contaminated
A: change form in water, swift swim, stealthy swim
a: no special abilities


You were on level 2 of the Dungeon.
You were not hungry.

You visited 1 branch of the dungeon, and saw 2 of its levels.

You collected 61 gold pieces.

Inventory:

Missiles
 a - 12 arrows
Armour
 b - a +0 robe
 c - a +0 cloak (worn)
 k - a +0 leather armour (worn)
Scrolls
 h - 4 scrolls of magic mapping {unknown}
 j - 3 scrolls of identify {unknown}
 l - 2 scrolls of remove curse {unknown}
Potions
 e - a potion of curing {unknown}
 f - a potion of ambrosia {unknown}
 g - a potion of flight {unknown}
Comestibles
 d - a ration


   Skills:
 - Level 1.1 Fighting
 + Level 2.9 Dodging
 + Level 3.4 Unarmed Combat
 * Level 2.2 Spellcasting
 * Level 3.3 Transmutations


You had 4 spell levels left.
You knew the following spells:

 Your Spells              Type           Power        Failure   Level  Hunger
a - Beastly Appendage     Tmut           #.....       10%         1    ##.....

Your spell library contained the following spells:

 Spells                   Type           Power        Failure   Level  Hunger
 Spider Form              Tmut/Pois      #.........   50%         3    ####...
 Blade Hands              Tmut           #.........   95%         5    ######.
 Ice Form                 Ice/Tmut       #.......     88%         4    #####..
 Sticks to Snakes         Tmut           #.......     14%         2    ###....


Dungeon Overview and Level Annotations

Branches:
Dungeon (2/15)

Altars:


Message History

You closely miss the gnoll. The gnoll barely misses you.
You hit the gnoll but do no damage. The gnoll closely misses you.
The gnoll hits you but does no damage. x2
You hit the gnoll.
The gnoll is moderately wounded.
A goblin comes into view. It is wielding a club.
The gnoll hits you with a whip of electrocution.
The gnoll misses you. The gnoll hits you but does no damage.
The goblin shouts!
You hit the gnoll but do no damage.
The gnoll is moderately wounded.
The gnoll barely misses you. x2
The gnoll hits you from afar with a spear!
You hit the gnoll.
The gnoll is heavily wounded.
The gnoll hits you with a whip of electrocution!
* * * LOW HITPOINT WARNING * * *
You are electrocuted!
Ouch! That really hurt!
You die...

..... #...#
#...# #.g.#
#...#
#...####.
#.g......
.##########.
#.... #...##
#...# #.(.#


You could see 3 gnolls and a goblin.

Vanquished Creatures
  A leopard gecko (D:1)
  2 bats (D:1)
  A giant cockroach (D:1)
  A hobgoblin (D:1)
  2 jackals (D:1)
  2 frilled lizards (D:1)
  A kobold (D:1)
  2 rats (D:1)
12 creatures vanquished.

Notes
Turn   | Place    | Note
-------+----------+-------------------------------------------
     0 | D:1      | Holzbalken the Merfolk Transmuter began the quest for the Orb.
     0 | D:1      | Reached XP level 1. HP: 15/15 MP: 3/3
    64 | D:1      | Reached XP level 2. HP: 14/21 MP: 5/5
   830 | D:2      | Slain by a gnoll

Vault maps used:
D:1:      nzn_arrival_depleted_hourglass, minmay_misc_feat_secret_circle
D:2:      kennysheep_ying_yang, uniq_crazy_yiuf_cottage

Skill      XL: |  1 |
---------------+----+-----
Transmutations | 3 |  3.3
Fighting       | |  1.1
Dodging        | |  2.9
Unarmed Combat | |  3.4
Spellcasting   | |  2.2

Action                   || total
-------------------------++-------
Melee: Unarmed           ||    42
       Headbutt          ||     5
 Cast: Beastly Appendage ||     4
Armor: Robe              ||     9
       Leather armour    ||     2
Dodge: Dodged            ||    33

Table legend:
 A = Spawn XP
 B = Non-spawn XP
 C = Spawn XP percentage of total XP
 D = Spawn monster count
 E = Non-spawn monster count
 F = Spawn count percentage of total count
 G = Total turns spent on level
                    A         B        C        D         E        F      G
               +---------+---------+-------+---------+---------+-------+---------
         Total |       0 |      20 |   0.0 |       0 |      12 |   0.0 |   830
               +---------+---------+-------+---------+---------+-------+---------
           D:1 |       0 |      20 |   0.0 |       0 |      12 |   0.0 |   823
               +---------+---------+-------+---------+---------+-------+---------
